 Dungeon Crawl Stone Soup version 0.29.1-15-g9cfb28693d (webtiles) character file.

Game seed: 4631551120004272622

342 booth the Magician (level 6, 0/32 HPs)
             Began as a Deep Elf Fire Elementalist on Feb 28, 2023.
             Slain by a black bear (1 damage)
             ... on level 4 of the Dungeon.
             The game lasted 00:28:12 (4779 turns).

booth the Magician (Deep Elf Fire Elementalist)     Turns: 4779, Time: 00:28:13

Health: 0/32       AC:  3    Str:  5    XL:     6   Next: 30%
Magic:  3/16       EV: 13    Int: 22    God:
Gold:   297        SH:  5    Dex: 15    Spells: 2/16 levels left

rFire   . . .      SeeInvis .   g - +2 dagger
rCold   . . .      Faith    .   (no shield)
rNeg    . . .      Spirit   .   a - +0 robe
rPois   .          Reflect  +   (helmet restricted)
rElec   .          Harm     .   c - +0 cloak
rCorr   .          Rampage  .   (no gloves)
Will    .....      Rage     3%  (no boots)
Stlth   ++........              q - amulet of reflection
HPRegen 0.10/turn               (no ring)
MPRegen 0.15/turn               (no ring)

@: lethally poisoned (0 -> -1)
A: antennae 1, berserk 1
a: no special abilities


You were on level 4 of the Dungeon.
You visited 1 branch of the dungeon, and saw 4 of its levels.

You collected 297 gold pieces.

Inventory:

Hand Weapons
 g - a +2 dagger (weapon)
 n - a +0 mace
Missiles
 o - 4 silver boomerangs
 p - 2 boomerangs
Armour
 a - a +0 robe (worn)
 c - a +0 cloak (worn)
 m - a +0 leather armour
Jewellery
 q - an amulet of reflection (around neck)
 u - an amulet of magic regeneration
Scrolls
 f - 2 scrolls of blinking
 j - a scroll of enchant armour {unknown}
 k - 3 scrolls of amnesia
 l - a scroll of vulnerability {unknown}
 t - a scroll of immolation {unknown}
 v - a scroll of magic mapping
Potions
 b - 2 potions of magic
 d - a potion of flight
 e - 6 potions of curing
 i - a potion of lignification
 r - a potion of berserk rage {unknown}
 s - a potion of degeneration {unknown}
 w - a potion of ambrosia


   Skills:
 + Level 0.2 Fighting
 + Level 1.2 Short Blades
 + Level 3.4 Dodging
 + Level 3.5 Stealth
 + Level 5.6 Spellcasting
 + Level 2.3 Conjurations
 + Level 5.0 Fire Magic


You had 2 spell levels left.
You knew the following spells:

 Your Spells              Type           Power      Damage    Failure   Level
a - Foxfire               Conj/Fire      88%        2x1d8     1%          1
b - Scorch                Fire           56%        2d7       1%          2
c - Shock                 Conj/Air       44%        1d5       6%          1
d - Conjure Flame         Conj/Fire      22%        6-21      6%          3
e - Inner Flame           Hex/Fire       17%        N/A       10%         3
f - Flame Wave            Conj/Fire      22%        2d8       21%         4

Your spell library contained the following spells:

 Spells                   Type           Power      Damage    Failure   Level
 Apportation              Tloc           12%        N/A       10%         1
 Swiftness                Air            6%         N/A       28%         3
 Airstrike                Air            3%         2d(1-17)  67%         4
 Alistair's Intoxication  Tmut/Pois      4%         N/A       95%         5


Dungeon Overview and Level Annotations

Branches:
Dungeon (4/15)
 Temple: D:4-7

Altars:
Makhleb

Annotations:
D:3 3 runed translucent doors, mrgoodbar64's ghost, amateur TrFi
D:4 3 runed translucent doors, CInkIbrahim's ghost, amateur DsGl


Innate Abilities, Weirdness & Mutations

You have a pair of small antennae on your head.
You sometimes lose your temper in combat.


Message History

Flames lash the scorpion.
The scorpion is burned terribly!
You kill the scorpion!
You feel sick. The goblin misses you. The black bear closely misses you.
The black bear claws you.
The black bear claws you but does no damage.
Your Fire Magic skill increases to level 5!
Casting: Scorch (safe; 1% risk of failure)
Confirm with . or Enter, or press ? or * to list all spells.
Flames lash the goblin.
You kill the goblin!
You feel sick. The black bear barely misses you.
The black bear claws you but does no damage.
You block the black bear's attack.
Casting: Scorch (safe; 1% risk of failure)
Confirm with . or Enter, or press ? or * to list all spells.
Flames lash the black bear.
The black bear is heavily wounded.
The black bear's fire resistance burns away.
You feel sick. The black bear barely misses you. The black bear claws you.
* * * LOW HITPOINT WARNING * * *
The black bear closely misses you.
Casting: Scorch (safe; 1% risk of failure)
Confirm with . or Enter, or press ? or * to list all spells.
You conjure some foxfire!
You feel sick. The black bear completely misses you. The black bear claws you.
* * * LOW HITPOINT WARNING * * *
The black bear completely misses you.
You hit the black bear.
The black bear is heavily wounded.
* * * LOW HITPOINT WARNING * * *
You feel sick.
The foxfire hits the black bear.
The black bear is heavily wounded.
Casting: Foxfire (safe; 1% risk of failure)
Confirm with . or Enter, or press ? or * to list all spells.
You conjure some foxfire!
* * * LOW HITPOINT WARNING * * *
You feel sick.
The black bear bites you but does no damage.
The black bear misses you. The black bear claws you.
You die...

#...........# #.........(# #
............# #.##.....#.# #
............# #.#....(##.# #
...........#######..#####...# #
......#...###......## ##..## #
..###.###.# #.>....# #...#### ..#
#.# #.###......#{ #...##..
..###.# #.##...#v#.# { #.<.##..
.###..# #..#..##@###+{ ##.#.##..
...#.## #....#hvv'.# ###.##.....
##.#.# ###..##.###'##....#.#...
##.#.# ##...#### [g##.#.......
.#...#### #..#....# h.$#...#)##..
.#..>...###.###...# g.$#.###..#..
.##.###.##........##.(##.####..#.
.##.# #.##.........####...####...
..#.###....>.##..............#..#


You could see a black bear (combustible, ally target).

Vanquished Creatures
  A phantom (D:4)
  A necrophage (D:4)
  A scorpion (D:4)
  A hound (D:3)
  An orc wizard (D:2)
  4 adders
  A worm (D:3)
  5 dart slugs
  3 orcs (D:2)
  8 endoplasms
  6 goblins
  4 hobgoblins
  3 quokkas
  4 ball pythons
  3 bats
  3 frilled lizards
  5 kobolds
  2 rats (D:1)
56 creatures vanquished.

Vanquished Creatures (others)
  120 foxfires
  A fungus (D:4)
  2 plants (D:4)
123 creatures vanquished.

Grand Total: 179 creatures vanquished

Notes
Turn   | Place    | Note
-------+----------+-------------------------------------------
     0 | D:1      | booth the Deep Elf Fire Elementalist began the quest for
                  | the Orb.
     0 | D:1      | Reached XP level 1. HP: 10/10 MP: 6/6
   286 | D:1      | Reached XP level 2. HP: 15/15 MP: 5/8
   996 | D:1      | Learned a level 2 spell: Scorch
   998 | D:1      | Learned a level 1 spell: Shock
  1819 | D:2      | Found a faded altar of an unknown god.
  1870 | D:2      | Found a burning altar of Makhleb.
  1969 | D:2      | Reached XP level 3. HP: 10/19 MP: 3/10
  2517 | D:2      | Gained mutation: You sometimes lose your temper in combat.
                  | [potion of mutation]
  2517 | D:2      | Gained mutation: You have a pair of small antennae on your
                  | head. [potion of mutation]
  2568 | D:3      | Learned a level 3 spell: Conjure Flame
  2572 | D:3      | Learned a level 3 spell: Inner Flame
  2652 | D:3      | Reached XP level 4. HP: 19/24 MP: 8/12
  3700 | D:3      | Found a runed translucent gate.
  3700 | D:3      | Found a runed translucent gate.
  3702 | D:3      | Found a runed translucent gate.
  3704 | D:3      | Identified the +8 short sword of Vakhommuo {drain, Contam
                  | rElec rPois rCorr}
  3704 | D:3      | Identified the +6 chain mail of Izaos {Rampage rElec rF-
                  | MP-9}
  3705 | D:3      | Noticed mrgoodbar64's ghost (amateur TrFi)
  4205 | D:4      | Noticed a necrophage
  4252 | D:4      | Reached XP level 5. HP: 28/28 MP: 10/14
  4397 | D:4      | Reached skill level 1 in Short Blades
  4397 | D:4      | Reached skill level 5 in Spellcasting
  4410 | D:4      | Learned a level 4 spell: Flame Wave
  4538 | D:4      | Found a runed translucent gate.
  4538 | D:4      | Found a runed translucent gate.
  4539 | D:4      | Found a runed translucent gate.
  4545 | D:4      | Noticed CInkIbrahim's ghost (amateur DsGl)
  4596 | D:4      | Noticed a phantom
  4602 | D:4      | Killed a phantom
  4603 | D:4      | Reached XP level 6. HP: 28/32 MP: 11/16
  4775 | D:4      | Reached skill level 5 in Fire Magic
  4779 | D:4      | HP: 1/32 [poisoned by a scorpion]
  4779 | D:4      | Slain by a black bear

Illustrated notes

Levels and vault maps discovered:
D:1:      lemuel_arrival_lava_pool, layout_basic, ebering_dispersal_statue_hall,
          minivault_24
D:2:      layout_rooms, basic_altar, shapermc_ecumenical_altar_notcrosses,
          serial_rivers, chequers_serial_rivers_micro_c,
          chequers_serial_rivers_room_a, chequers_serial_rivers_marsh,
          chequers_serial_rivers_marsh, chequers_serial_rivers_micro_a
D:3:      minmay_inner_zag, layout_loops_corners, biasface_ghost_orc_armoury
D:4:      layout_rooms, gammafunk_ghost_nasty_kobolds, minmay_joined_circles

Skill      XL: |  1  2  3  4  5  6 |
---------------+-------------------+-----
Dodging        | 3 |  3.4
Fire Magic     | 4 5 |  5.0
Spellcasting   | 4 5 |  5.6
Stealth        | 3 |  3.5
Short Blades   | 1 |  1.2
Conjurations   | 2 |  2.3
Fighting       | |  0.2

Action                   |  1- 3 |  4- 6 || total
-------------------------+-------+-------++-------
Melee: Unarmed           |     3 |       ||     3
       Dagger            |    32 |    23 ||    55
 Cast: Foxfire           |    48 |    33 ||    81
       Scorch            |     2 |    11 ||    13
       Shock             |       |     1 ||     1
  Use: Scroll            |     6 |       ||     6
       Potion            |     6 |     2 ||     8
 Stab: Sleeping          |     1 |       ||     1
Armor: Robe              |    14 |     6 ||    20
Dodge: Dodged            |    30 |    23 ||    53
Block: Other             |       |     4 ||     4
